 Dungeon Crawl Stone Soup version 0.29.1-13-g9f3cf754e1 (webtiles) character file.

Game seed: 5359664126204756178

3 Thatpatchoflichen the Shooter (level 1, 0/16 HPs)
             Began as a Demonspawn Hunter on Feb 2, 2023.
             Slain by a quokka (2 damage)
             ... on level 1 of the Dungeon.
             The game lasted 00:01:31 (85 turns).

Thatpatchoflichen the Shooter (Demonspawn Hunter)     Turns: 85, Time: 00:01:31

Health: 0/16       AC:  3    Str: 11    XL:     1   Next: 41%
Magic:  1/1        EV: 12    Int: 10    God:
Gold:   0          SH:  0    Dex: 16    Spells: 0/0 levels left

rFire   . . .      SeeInvis .   a - +0 shortbow
rCold   . . .      Faith    .   (shield currently unavailable)
rNeg    . . .      Spirit   .   c - +0 leather armour
rPois   .          Reflect  .   (no helmet)
rElec   .          Harm     .   (no cloak)
rCorr   .          Rampage  .   (no gloves)
Will    .....                   (no boots)
Stlth   ++........              (no amulet)
HPRegen 0.05/turn               (no ring)
MPRegen 0.07/turn               (no ring)

@: no status effects
A: no striking features
a: no special abilities


You were on level 1 of the Dungeon.
You visited 1 branch of the dungeon, and saw 2 of its levels.

Inventory:

Hand Weapons
 a - a +0 shortbow (weapon)
Armour
 c - a +0 leather armour (worn)
Scrolls
 b - a scroll of immolation
Potions
 d - a potion of lignification {unknown}


   Skills:
 + Level 2.1 Fighting
 + Level 3.6 Ranged Weapons
 + Level 1.8 Dodging
 - Level 1.0 Stealth


You couldn't memorise any spells.
You didn't know any spells.
Your spell library was empty.

Dungeon Overview and Level Annotations

Branches:
Dungeon (2/15)

Altars:


Message History

Aim: a bat (48% to hit)
You shoot an arrow. The arrow closely misses the bat.
The bat misses you. x2; The quokka completely misses you.
The frilled lizard barely misses you.
Fire: a) +0 shortbow
Press: ? - help, Q - select action Shift-Dir - straight line, f/p - bat
Aim: a bat (48% to hit)
You shoot an arrow. The arrow misses the bat.
The bat barely misses you.
The quokka bites you but does no damage.
The frilled lizard completely misses you.
The quokka bites you. The frilled lizard misses you.
Fire: a) +0 shortbow
Press: ? - help, Q - select action Shift-Dir - straight line, f/p - bat
Aim: a bat (48% to hit)
You shoot an arrow. The arrow closely misses the bat.
The bat hits you but does no damage. The quokka bites you.
The frilled lizard barely misses you. The quokka bites you.
Fire: a) +0 shortbow
Press: ? - help, Q - select action Shift-Dir - straight line, f/p - bat
Aim: a bat (48% to hit)
Okay, then.
The bat closely misses you. The bat attacks as you move away!
The bat closely misses you. The bat hits you but does no damage.
The bat barely misses you.
The frilled lizard attacks as you move away!
The frilled lizard bites you.
* * * LOW HITPOINT WARNING * * *
The bat barely misses you. The bat hits you but does no damage.
The frilled lizard attacks as you move away!
The frilled lizard bites you.
* * * LOW HITPOINT WARNING * * *
The bat attacks as you move away! The bat hits you but does no damage.
The bat barely misses you. The bat hits you but does no damage.
The frilled lizard attacks as you move away!
The frilled lizard misses you. The bat attacks as you move away!
The bat barely misses you. The quokka attacks as you move away!
The quokka bites you.
You die...

#...#..##..#####...###..#.
#....#.##..#..#.##.##.##.#
.
##.........#.#..####...##..
..#......##########
######## ........###..#
..#.....#....# ##........#
#..†>...l###.####
#.......b@.......
#........r###.####
................
##.#........$....
#.##.###.####### # #. #.#
#. #.# ..#


You could see a quokka, a bat and a frilled lizard.

Vanquished Creatures
  A ball python (D:1)
  An endoplasm (D:1)
  A rat (D:2)
3 creatures vanquished.

Notes
Turn   | Place    | Note
-------+----------+-------------------------------------------
     0 | D:1      | Thatpatchoflichen the Demonspawn Hunter began the quest for
                  | the Orb.
     0 | D:1      | Reached XP level 1. HP: 16/16 MP: 1/1
    65 | D:1      | Reached skill level 1 in Stealth
    85 | D:1      | Slain by a quokka

Illustrated notes

Levels and vault maps discovered:
D:1:      dpeg_arrival_signposts, layout_loops_ring, serial_shops, shop_statue,
          nicolae_shop_statue_plus, shop_fountains, shop_coins,
          nicolae_shop_crystal, minmay_three_crescents
D:2:      layout_loops_ring, dilly_ecumenical_altar_fadedgnrine

Skill      XL: |  1 |
---------------+----+-----
Stealth        | 1 |  1.0
Fighting       | |  2.1
Ranged Weapons | |  3.6
Dodging        | |  1.8

Action                   || total
-------------------------++-------
 Fire: Shortbow          ||    17
Armor: Leather armour    ||    13
Dodge: Dodged            ||    33
